 Dungeon Crawl Stone Soup version 0.18.1-50-g88ac8fd (webtiles) character file.

6182 grisgris the Jinx (level 10, -16/70 HPs)
             Began as a Vampire Enchanter on Oct 23, 2016.
             Was an Elder of Sif Muna.
             Demolished by a large slime creature (34 damage)
             ... on level 12 of the Dungeon.
             The game lasted 00:39:02 (12271 turns).

grisgris the Jinx (Vampire Enchanter)              Turns: 12271, Time: 00:39:02

Health: -16/70     AC: 11    Str:  7    XL:     10   Next: 60%
Magic:  18/20      EV: 15    Int: 20    God:    Sif Muna [****..]
Gold:   534        SH:  3    Dex: 16    Spells: 3 memorised, 15 levels left

rFire  . . .     SeeInvis +     j - +2 dagger (venom)
rCold  + . .     Gourm    .     b - +2 robe
rNeg   + + .     Faith    .     (no shield)
rPois  +         Spirit   .     (no helmet)
rElec  .         Dismiss  .     o - +1 cloak
rCorr  .         Reflect  +     (no gloves)
SustAt .         Harm     .     g - +2 pair of boots
MR     +....                    t - +3 amulet of reflection
Stlth  +++++.....               (no ring)
                                d - +2 ring of protection

@: regenerating slowly, somewhat resistant to hostile enchantments, quite
stealthy
A: fangs 3, see invisible, unbreathing
a: Bat Form, Channel Energy, Forget Spell, Renounce Religion


You were on level 12 of the Dungeon.
You worshipped Sif Muna.
Sif Muna was greatly pleased with you.
You were very thirsty.

You visited 2 branches of the dungeon, and saw 13 of its levels.
You also visited: Sewer and Ossuary.

You collected 534 gold pieces.

Inventory:

Hand Weapons
 a - a +2 dagger
 j - a +2 dagger of venom (weapon)
Armour
 b - a +2 robe (worn)
 g - a +2 pair of boots (worn)
 o - a +1 cloak (worn)
Jewellery
 d - a +2 ring of protection (left hand)
 t - a +3 amulet of reflection (around neck)
Wands
 f - a wand of slowing (24/48)
 u - a wand of paralysis (8/24)
 x - a wand of flame (30/48)
Scrolls
 n - 5 scrolls of teleportation
 q - a scroll of magic mapping
 r - 3 scrolls of remove curse
 v - a scroll of identify
Potions
 e - 4 potions of flight
 h - 3 potions of agility
 k - a potion of cure mutation
 l - 2 potions of brilliance
 m - 2 potions of ambrosia
 p - a potion of might
 w - a potion of magic
Books
 c - a book of Maledictions

   Spells                             Type                      Level
   a - Corona                         Hexes                        1
   b - Ensorcelled Hibernation        Hexes/Ice                    2
   c - Confuse                        Hexes                        3
   d - Tukima's Dance                 Hexes                        3
   e - Dazzling Spray                 Conjuration/Hexes            3


   Skills:
 + Level 3.4 Fighting
 + Level 4.9 Short Blades
 + Level 4.8 Dodging
 + Level 8.1 Stealth
 * Level 7.0 Spellcasting
 - Level 5.2 Conjurations
 * Level 11.6 Hexes
 + Level 4.8 Ice Magic


You had 15 spell levels left.
You knew the following spells:

 Your Spells              Type           Power        Failure   Level  Hunger
a - Ensorcelled Hibernat  Hex/Ice        #####.       1%          2    None
b - Confuse               Hex            ######..     1%          3    #......
c - Dazzling Spray        Conj/Hex       #####.       1%          3    #......


Dungeon Overview and Level Annotations

Branches:
Dungeon (12/15)            Temple (1/1) D:4
   Lair: D:8-11         Orc: D:9-12

Altars:
Ashenzari
Cheibriados
Dithmenos
Elyvilon
Fedhas
Gozag
Kikubaaqudgha
Makhleb
Nemelex Xobeh
Okawaru
Pakellas
Qazlal
Ru
Sif Muna
Trog
Vehumet
Xom
Yredelemnul
Zin
The Shining One

Shops:
D:7 (

Annotations:
D:3 Natasha
D:10 Josephine


Innate Abilities, Weirdness & Mutations

You heal slowly.
You have razor-sharp teeth.
You have supernaturally acute eyesight.
You can survive without breathing.


Message History

You strike the helpless large slime creature from behind!
You impale the large slime creature!!
The large slime creature is poisoned.
The large slime creature is moderately wounded.
You completely miss the large slime creature.
The large slime creature is moderately wounded.
You hit the large slime creature but do no damage.
You bite the large slime creature.
The large slime creature is moderately wounded.
You hit the large slime creature.
The large slime creature is moderately wounded.
You hit the large slime creature.
The large slime creature is moderately wounded.
You hit the large slime creature.
The large slime creature is moderately wounded.
You hit the large slime creature.
The large slime creature is moderately wounded.
You hit the large slime creature.
The large slime creature is moderately wounded.
The large slime creature hits you!!
You die...

J...#.#
...+. ...
###+.#
#....#
#.##.+
###+##.#
#.....J#
#.....@#
#......#
#....<.#
#......+
#......#
+......#
#........
##+##......
########


You could see a large slime creature (confused).

Vanquished Creatures
  A slime creature (D:12)
  A spriggan (D:8)
  2 wyverns (D:8)
  A wraith (D:9)
  Grum (D:8)
  A steam dragon (D:10)
  2 hippogriffs
  3 hungry ghosts
  A sky beast (D:8)
  An orc warrior (D:6)
  An ice beast (D:9)
  4 phantoms
  4 wolves (D:8)
  5 ogres
  4 centaurs
  A big kobold (Sewer)
  5 giant frogs
  4 scorpions
  2 wyvern skeletons (D:8)
  9 killer bees
  An electric eel (D:6)
  A howler monkey (D:5)
  4 crimson imps
  2 quasits
  A giant frog zombie (D:8)
  6 hounds
  A human zombie (Ossuary)
  5 orc priests
  2 jellies
  A giant frog skeleton (D:4)
  Jessica (D:3)
  Terence (D:3)
  4 iguanas
  7 worker ants
  8 orc wizards
  A big kobold zombie (Ossuary)
  A hound zombie (D:5)
  A hound skeleton (D:8)
  3 mummies (Ossuary)
  A worker ant zombie (D:10)
  8 adders
  3 gnolls (D:6)
  6 river rats
  5 shadow imps
  3 oozes
  4 adder skeletons
  3 worms
  2 dart slugs
  10 giant geckos
  27 orcs
  7 ball pythons
  9 giant cockroaches
  5 goblins
  4 hobgoblins
  4 jackals (D:8)
  24 kobolds
  5 quokkas
  5 bats
  8 giant newts
  A gnoll zombie (Ossuary)
  2 goblin zombies (Ossuary)
  3 kobold zombies (Ossuary)
  24 rats
277 creatures vanquished.

Vanquished Creatures (others)
  A lightning spire (D:9)
  5 sheep (D:4)
  A bush (D:9)
7 creatures vanquished.

Grand Total: 284 creatures vanquished

Notes
Turn   | Place    | Note
--------------------------------------------------------------
     0 | D:1      | grisgris the Vampire Enchanter began the quest for the Orb.
     0 | D:1      | Reached XP level 1. HP: 13/13 MP: 3/3
   270 | D:1      | Reached XP level 2. HP: 14/19 MP: 5/5
   274 | D:1      | Learned a level 2 spell: Ensorcelled Hibernation
  1177 | D:2      | Found a sparkling altar of Nemelex Xobeh.
  1240 | D:2      | Reached XP level 3. HP: 23/24 MP: 1/6
  1355 | D:2      | Reached skill level 5 in Hexes
  1360 | D:2      | Reached skill level 1 in Ice Magic
  1546 | D:2      | Learned a level 3 spell: Confuse
  1724 | D:3      | Noticed Jessica
  1730 | D:3      | Killed Jessica
  1730 | D:3      | Reached XP level 4. HP: 30/30 MP: 7/7
  1736 | D:3      | Learned a level 3 spell: Dazzling Spray
  1870 | D:3      | Noticed Terence
  1886 | D:3      | Killed Terence
  2422 | D:3      | Noticed Natasha
  2436 | D:3      | Reached skill level 1 in Conjurations
  2436 | D:3      | Reached XP level 5. HP: 30/35 MP: 9/9
  2546 | D:3      | Reached skill level 6 in Hexes
  2943 | D:3      | Found a bloodstained altar of Trog.
  2965 | D:4      | Noticed an ogre
  2974 | D:4      | Killed an ogre
  3064 | D:4      | Reached XP level 6. HP: 41/41 MP: 10/10
  3602 | D:4      | Reached skill level 7 in Hexes
  3849 | D:4      | Reached XP level 7. HP: 44/46 MP: 9/12
  3941 | D:4      | Found a staircase to the Ecumenical Temple.
  3950 | Temple   | Entered the Ecumenical Temple
  4016 | Temple   | Became a worshipper of Sif Muna the Loreminder
  4485 | D:4      | Found a shimmering altar of Xom.
  4560 | D:5      | Entered Level 5 of the Dungeon
  5041 | D:5      | Reached * piety under Sif Muna
  5148 | D:5      | Reached skill level 8 in Hexes
  5148 | D:5      | Reached XP level 8. HP: 52/52 MP: 12/14
  5332 | D:5      | Found a bloodstained altar of Trog.
  5545 | D:5      | Found a white marble altar of Elyvilon.
  5873 | D:6      | Found a glowing drain.
  5893 | D:6      | Reached ** piety under Sif Muna
  5909 | Sewer    | Entered a sewer
  6169 | Sewer    | Reached skill level 5 in Conjurations
  7353 | D:7      | Reached skill level 1 in Fighting
  7353 | D:7      | Reached skill level 5 in Stealth
  7356 | D:7      | Reached skill level 9 in Hexes
  7622 | D:7      | Found a shattered altar of Ashenzari.
  7651 | D:7      | Reached skill level 5 in Spellcasting
  7729 | D:7      | Reached XP level 9. HP: 55/59 MP: 11/16
  7753 | D:7      | Found Xouvoab's Weapon Emporium.
  8698 | D:8      | Reached *** piety under Sif Muna
  8698 | D:8      | Reached skill level 10 in Hexes
  8829 | D:8      | Found a shadowy altar of Dithmenos.
  8898 | D:8      | Noticed Grum
  8907 | D:8      | Found a sand-covered staircase.
  8926 | Ossuary  | Entered an ossuary
  9491 | D:8      | Gained mutation: Your system is resistant to poisons. [potion of mutation]
  9491 | D:8      | Gained mutation: You are frail (-10% HP). [potion of mutation]
  9492 | D:8      | Lost mutation: Your system is resistant to poisons. [potion of cure mutation]
  9492 | D:8      | Lost mutation: You are frail (-10% HP). [potion of cure mutation]
  9535 | D:8      | Killed Grum
 10210 | D:8      | Reached XP level 10. HP: 69/69 MP: 15/19
 10226 | D:8      | Found a bloodstained altar of Trog.
 10430 | D:8      | Reached skill level 11 in Hexes
 10522 | D:9      | Found a bloodstained altar of Trog.
 10810 | D:9      | Reached **** piety under Sif Muna
 10976 | D:9      | Found a blossoming altar of Fedhas.
 10977 | D:9      | Found an ancient bone altar of Kikubaaqudgha.
 11271 | D:9      | Found a stormy altar of Qazlal.
 11309 | D:9      | Found an oddly glowing altar of Pakellas.
 11374 | D:10     | Entered Level 10 of the Dungeon
 12019 | D:10     | Noticed Josephine
 12271 | D:12     | Demolished by a large slime creature

Skill      XL: |  1  2  3  4  5  6  7  8  9 10 |
---------------+-------------------------------+-----
Hexes          | 5 6 7 8 9 10 11 | 11.6
Ice Magic      | 1 2 3 4 |  4.8
Short Blades   | 2 4 |  4.9
Conjurations   | 1 2 3 4 5 |  5.2
Spellcasting   | 3 4 5 6 7 |  7.0
Fighting       | 1 2 3 |  3.4
Stealth        | 5 6 8 |  8.1
Dodging        | 4 |  4.8

Action                   |  1- 3 |  4- 6 |  7- 9 | 10-12 || total
-------------------------+-------+-------+-------+-------++-------
Melee: Dagger            |    87 |   110 |   417 |   175 ||   789
       Bite              |     3 |     8 |    37 |    12 ||    60
 Cast: Corona            |     2 |       |       |       ||     2
       Ensorcelled Hiber |    10 |    15 |    74 |    30 ||   129
       Dazzling Spray    |       |     3 |    10 |     2 ||    15
       Confuse           |       |     4 |    59 |    24 ||    87
 Abil: End Transformatio |       |       |     1 |       ||     1
       Bat Form          |       |       |     1 |       ||     1
Evoke: Wand              |       |     1 |       |       ||     1
  Use: Scroll            |     9 |     8 |    10 |     3 ||    30
       Potion            |     1 |     1 |    13 |     6 ||    21
 Stab: Sleeping          |    13 |    18 |    72 |    31 ||   134
       Invisible         |       |     1 |     1 |       ||     2
       Confused          |       |     2 |    31 |    14 ||    47
       Distracted        |       |       |     1 |       ||     1
  Eat: Corpse            |       |     1 |     1 |     1 ||     3
Armor: Ice dragon armour |    15 |       |       |       ||    15
       Robe              |    16 |    14 |    71 |    32 ||   133
Dodge: Dodged            |    49 |    55 |   248 |    91 ||   443
Block: Other             |       |       |     9 |    13 ||    22
